AoeStats
← mimi.michalov

Black Forest

505678563Analyzed
4v4 RM · 23d ago on Sep 10, 2026· 61m 21s· 8 players
Game mode
Random Map
Map size
Large (8 player)
Population
200
Speed
Normal
Resources
Standard
Victory
Conquest
Starting age
Dark Age
Ending age
Imperial Age
RankedLock teamsTeams togetherTeam positionsShared explorationLock speedFull tech treeHidden civsTurbo modeCheats
Victory
Defeat
🇩🇰 Khmer · Denmark
668
+9
🇸🇰 Saracens · Slovakia
648
+9
🇪🇸 Spanish · Spain
646
+9
🇨🇳 Goths · China
611
+11
🇵🇱 Japanese · Poland
643
-14
🇫🇷 Burgundians · France
533
-11
🇻🇳 Vietnamese · Vietnam
411
-7
🇮🇹 Mongols · Italy
395
-6
B3rtox
11:53 Feudal Age
13:37 Wheelbarrow
12:48 Horse Collar
14:00 Double-Bit Axe
15:47 Hand Cart
17:16 Heavy Plow
25:28 Castle Age
31:52 Imperial Age
29:46 Treadmill Crane
34:29 Chemistry
33:44 Fortified Wall
33:32 Murder Holes
33:23 Arrowslits
33:49 Masonry
36:03 Conscription
36:14 Stone Mining
36:15 Gold Mining
36:39 Bow Saw
40:20 Burgundian Vineyards
42:46 Ballistics
42:59 Architecture
50:57 Stone Shaft Mining
50:57 Gold Shaft Mining
51:27 Two-Man Saw
51:00 Squires
51:04 Arson
51:01 Pikeman
51:34 Pikeman
53:00 Conscription
53:16 Hoardings
53:36 Halberdier
splashii
7:21 Loom
11:11 Feudal Age
13:53 Double-Bit Axe
20:19 Castle Age
20:22 Wheelbarrow
22:00 Bow Saw
22:38 Fishing Lines
24:11 Gillnets
29:48 Yasama
33:30 Imperial Age
32:01 Horse Collar
32:39 Forging
32:35 Scale Barding Armor
34:36 Iron Casting
34:51 Kataparuto
34:53 Conscription
37:01 Gold Mining
39:16 Chemistry
38:28 Fortified Wall
39:11 Elite Samurai
44:21 Pikeman
45:02 Squires
44:48 Gambesons
44:53 Halberdier
48:08 Blast Furnace
47:09 Scale Mail Armor
49:31 Man-at-Arms
54:50 Heavy Scorpion
hallerpeter14
6:23 Loom
14:54 Feudal Age
16:22 Feudal Age
16:56 Feudal Age
19:43 Man-at-Arms
23:10 Horse Collar
23:17 Double-Bit Axe
28:58 Castle Age
27:29 Gold Mining
28:05 Stone Mining
29:34 Long Swordsman
30:31 Thumb Ring
30:52 Heavy Plow
31:09 Bow Saw
35:18 Pikeman
43:40 Arson
44:36 Elite Skirmisher
Dai Viet
18:38 Feudal Age
23:16 Castle Age
21:49 Double-Bit Axe
21:49 Horse Collar
mimi.michalov
1:06 Loom
16:44 Feudal Age
17:13 Horse Collar
18:41 Wheelbarrow
18:24 Double-Bit Axe
19:48 Town Watch
25:41 Castle Age
26:40 Hand Cart
28:10 Town Patrol
29:07 Caravan
29:37 Heavy Plow
35:05 Imperial Age
33:46 Gold Mining
33:47 Stone Mining
34:10 Bow Saw
35:13 Elite Mameluke
36:15 Conscription
38:57 Fletching
39:17 Forging
39:13 Scale Barding Armor
39:09 Padded Archer Armor
39:10 Scale Mail Armor
41:21 Thumb Ring
40:37 Crossbowman
41:16 Bodkin Arrow
41:57 Iron Casting
43:30 Bracer
43:46 Leather Archer Armor
44:58 Arbalester
57:51 Counterweights
58:14 Ring Archer Armor
58:45 Blast Furnace
58:06 Chain Barding Armor
58:01 Chain Mail Armor
wwwb5000
14:30 Feudal Age
15:10 Double-Bit Axe
15:11 Horse Collar
16:10 Wheelbarrow
16:43 Gold Mining
17:14 Stone Mining
20:54 Forging
20:44 Scale Mail Armor
20:50 Scale Barding Armor
20:45 Padded Archer Armor
20:36 Fletching
25:25 Castle Age
25:10 Arson
26:21 Bow Saw
26:48 Stone Shaft Mining
27:07 Hand Cart
28:46 Leather Archer Armor
33:32 Coinage
33:01 Bodkin Arrow
34:28 Chain Barding Armor
34:23 Chain Mail Armor
34:39 Heavy Plow
35:41 Caravan
35:59 Chain Mail Armor
36:20 Iron Casting
36:43 Squires
36:04 Pikeman
40:38 Imperial Age
42:45 Masonry
42:22 Arrowslits
42:57 Ballistics
42:27 Guard Tower
42:33 Murder Holes
42:49 Fortified Wall
42:50 Clinker Construction
44:03 Ring Archer Armor
43:33 Bracer
44:34 Blast Furnace
44:04 Plate Mail Armor
44:10 Plate Barding Armor
44:08 Banking
43:49 Guilds
44:14 Architecture
44:45 Chemistry
45:18 Heavy Cavalry Archer
46:12 Halberdier
48:23 Two-Man Saw
47:31 Siphons
BlacKHazE.
24:40 Feudal Age
24:12 Loom
25:59 Wheelbarrow
27:25 Castle Age
25:14 Double-Bit Axe
25:39 Stone Mining
25:43 Gold Mining
26:37 Horse Collar
30:42 Hand Cart
30:44 Heavy Plow
31:21 Gold Shaft Mining
31:27 Stone Shaft Mining
30:52 Fletching
31:08 Scale Barding Armor
31:19 Forging
31:23 Bow Saw
34:34 Imperial Age
35:18 Fortified Wall
35:47 Town Watch
36:57 Siege Engineers
37:54 Chemistry
37:15 Ballistics
37:07 Masonry
36:53 Murder Holes
38:22 Elite Ballista Elephant
39:25 Conscription
40:42 Double Crossbow
42:51 Architecture
42:48 Chain Barding Armor
42:24 Bodkin Arrow
45:33 Town Patrol
52:48 Husbandry
52:10 Cavalier
53:03 Bloodlines
52:14 Light Cavalry
52:15 Elite Battle Elephant
55:26 Plate Barding Armor
54:51 Bracer
55:27 Iron Casting
58:07 Hoardings
57:38 Padded Archer Armor
60:10 Caravan
Uecool
16:39 Feudal Age
14:58 Loom
16:48 Feudal Age
18:56 Gold Mining
18:52 Horse Collar
18:59 Double-Bit Axe
20:33 Man-at-Arms
26:00 Castle Age
24:55 Scale Mail Armor
26:24 Long Swordsman
27:07 Squires
34:00 Stone Mining
37:05 Stone Shaft Mining
36:38 Heavy Plow
39:48 Pikeman
42:01 Wheelbarrow
43:00 Anarchy
44:17 Forging
51:13 Imperial Age
49:53 Town Watch
50:27 Hand Cart
51:19 Heavy Scorpion
53:20 Chemistry
52:09 Halberdier
53:20 Bow Saw
58:10 Two-Man Saw
61:04 Ballistics
Connection lost

Rejoining the realm…

Still unreachable

The connection could not be restored.

Session expired

The server has moved on; the page needs a fresh start.